Cheater AAAAAA

Match 39893825
End
Construct Infanterie Kompanie
Selects Terror Battlegroup
Grenadier Squad
MG 42 Machine Gun Team
Grenadier Squad
Grenadier Squad
Infanterie Officer Quarters
Selects Machine Gun Camouflage
Selects Contempt for the Weak
Construct Luftwaffe Kompanie
Construct Panzergrenadier Kompanie
251 Medium Carrier
Pak 40 Anti-tank Gun Team
Raiden
ZNMOP
Ashirvad Patel
AAAAAAAA
Kampfstärke
KoMoDЫ4
COCONUTCOFFEE
传奇耐耗王
0
0

Comments sign in to comment!

No comments posted yet!